 Dungeon Crawl Stone Soup version 0.31.0-12-g77e489cdc1 (webtiles) character file.

Game seed: 18192580011124381547

128 jagang the Slasher (level 5, -7/42 HPs)
             Began as a Human Monk on Mar 5, 2024.
             Killed by nerve-wracking pain
             ... invoked by an orc priest
              (11 damage)
             ... on level 3 of the Dungeon.
             The game lasted 00:04:39 (1962 turns).

jagang the Slasher (Human Monk)                     Turns: 1962, Time: 00:04:39

Health: -7/42      AC: 13    Str: 12    XL:     5   Next: 12%
Magic:  5/5        EV:  3    Int: 10    God:
Gold:   73         SH:  0    Dex: 17    Spells: 4/4 levels left

rFire   . . .        a - +0 falchion
rCold   . . .        d - orb {light}
rNeg    . . .        e - +0 plate armour
rPois   .            m - +2 helmet
rElec   .            (no cloak)
rCorr   .            (no gloves)
SInv    .            (no boots)
Will    .....        (no amulet) Stlth
                     (no ring)
HPRegen 0.27/turn    (no ring)
MPRegen 0.09/turn

%: no passive effects
@: glowing
A: explore regen
a: no special abilities


You were on level 3 of the Dungeon.
You visited 1 branch of the dungeon, and saw 3 of its levels.

You collected 73 gold pieces.

Inventory:

Hand Weapons
 a - a +0 falchion (weapon)
Armour
 d - an orb of light (worn)
 e - a +0 plate armour (worn)
 m - a +2 helmet (worn)
Scrolls
 b - 6 scrolls of identify {unknown}
 h - a scroll of noise {unknown}
 j - 2 scrolls of teleportation {unknown}
 k - a scroll of fog {unknown}
Potions
 c - a potion of ambrosia
 f - a potion of invisibility {unknown}
 g - 3 potions of heal wounds {unknown}
 i - 2 potions of curing {unknown}
 l - 2 potions of lignification {unknown}
 n - a potion of brilliance {unknown}


   Skills:
 + Level 3.8 Fighting
 * Level 4.5 Long Blades
 + Level 2.0 Armour
 - Level 3.0 Dodging


You had 4 spell levels left.
You didn't know any spells.
Your spell library contained the following spells:

 Spells                   Type           Power      Damage    Failure   Level
 Summon Forest            Summ/Tloc      0%         N/A       100%        5
 Summon Mana Viper        Hex/Summ       0%         N/A       100%        5
 Summon Cactus Giant      Summ           0%         N/A       100%        6


Dungeon Overview and Level Annotations

Branches:
Dungeon (3/15)

Altars:


Innate Abilities, Weirdness & Mutations

You regain HP and MP as you explore.


Message History

The orc wizard is heavily wounded.
The orc wizard hits you with a +0 dagger.
You miss the orc wizard.
The orc wizard is heavily wounded.
You feel less confused.
The orc wizard hits you but does no damage.
You closely miss the orc wizard.
The orc wizard is heavily wounded.
The orc wizard hits you but does no damage.
You hit the orc wizard.
The orc wizard is severely wounded.
The orc wizard hits you with a +0 dagger.
The orc wizard casts a spell at you.
The magic dart hits you but does no damage.
You slash the orc wizard!
You kill the orc wizard!
Your Armour skill increases to level 2!
You have reached level 5!
You start resting.
HP restored.
There is a stone staircase leading down here.
You climb downwards.
The bat hits you but does no damage. x3
There is a stone staircase leading up here.
You hit the orc.
The orc is heavily wounded.
The bat barely misses you.
The orc priest calls down the wrath of Beogh upon you.
Beogh smites you! The bat hits you but does no damage.
You slash the orc!
You kill the orc!
The bat hits you. The goblin hits you but does no damage.
The orc priest mumbles some strange prayers to Beogh against you.
Beogh smites you!
The orc priest calls down the wrath of Beogh upon you.
Pain shoots through your body!
* * * LOW HITPOINT WARNING * * *
The goblin hits you but does no damage. The orc barely misses you.
The orc priest calls down the wrath of Beogh upon you.
Pain shoots through your body!
You die...

............##
b........?...##
..............#
..............#
..............#
..............#
......oo......#
.....bo.g....#
#.....#@)...##
##### #######


You could see 2 orc priests, an orc, a goblin and 2 bats.

Vanquished Creatures
  An orc wizard (D:2)
  2 adders (D:2)
  2 ribbon worms (D:2)
  4 dart slugs
  An orc (D:3)
  6 endoplasms
  2 giant cockroaches
  8 hobgoblins
  2 jackals (D:1)
  8 quokkas
  4 ball pythons
  9 bats
  2 frilled lizards (D:2)
  6 goblins
  5 kobolds
  4 rats
66 creatures vanquished.

Notes
Turn   | Place    | Note
-------+----------+-------------------------------------------
     0 | D:1      | jagang the Human Monk began the quest for the Orb.
     0 | D:1      | Reached XP level 1. HP: 18/18 MP: 1/1
   103 | D:1      | Reached XP level 2. HP: 24/24 MP: 2/2
   351 | D:1      | Reached skill level 1 in Armour
   468 | D:1      | Reached XP level 3. HP: 29/29 MP: 3/3
   980 | D:2      | Reached skill level 4 in Long Blades
  1009 | D:2      | Reached XP level 4. HP: 35/35 MP: 4/4
  1207 | D:2      | Identified the +0 leather armour of Foolhardiness {-Cast
                  | Rampage rN++}
  1881 | D:2      | Reached XP level 5. HP: 21/42 MP: 5/5
  1962 | D:3      | Killed from afar by an orc priest

Illustrated notes

Levels and vault maps discovered:
D:1:      ldierk_walled_garden_2, layout_basic, st_stairs_6, minmay_door_square,
          minmay_unequal
D:2:      minmay_chambers_of_ones, layout_basic, hex_medium,
          minmay_misc_feat_doors
D:3:      minmay_wonky_spiral, layout_rooms, mainiacjoe_overflow_brackets,
          uniq_crazy_yiuf_cottage

Skill      XL: |  1  2  3  4 |
---------------+-------------+-----
Armour         | 1 2 |  2.0
Long Blades    | 4 |  4.5
Fighting       | |  3.8
Dodging        | |  3.0

Action                     |  1- 3 |  4- 6 || total
---------------------------+-------+-------++-------
  Melee: Falchion          |   100 |    73 ||   173
 Armour: Robe              |    13 |       ||    13
         Plate armour      |    73 |    74 ||   147
  Dodge: Dodged            |    26 |    13 ||    39
